AoeStats
← Madrabaz

Arabian Desert

509635111Analyzed
1v1 RM · 5d ago on Sep 27, 2026· 43m 9s· 2 players
Game mode
Random Map
Map size
Tiny (2 player)
Population
200
Speed
Normal
Resources
Standard
Victory
Conquest
Starting age
Dark Age
Ending age
Imperial Age
RankedLock teamsTeams togetherTeam positionsShared explorationLock speedFull tech treeHidden civsTurbo modeCheats
Victory
Defeat
🇹🇷 Teutons · Türkiye
494
+16
🇩🇪 Burgundians · Germany
496
-16
Madrabaz
10:37 Feudal Age
13:38 Man-at-Arms
25:38 Castle Age
25:58 Elite Skirmisher
26:10 Crossbowman
27:01 Gambesons
26:43 Long Swordsman
38:43 Imperial Age
41:08 Chemistry
Talahahn
9:41 Wheelbarrow
9:38 Double-Bit Axe
12:34 Feudal Age
12:06 Horse Collar
13:33 Bow Saw
18:45 Forging
18:59 Town Watch
19:40 Gold Mining
19:12 Man-at-Arms
19:54 Scale Mail Armor
23:46 Arson
26:51 Castle Age
29:29 Two-Man Saw
29:22 Iron Casting
29:02 Chain Mail Armor
29:33 Hand Cart
29:44 Squires
29:06 Long Swordsman
31:54 Loom
32:13 Town Patrol
33:16 Gold Shaft Mining
32:18 Elite Skirmisher
33:02 Heavy Plow
35:36 Light Cavalry
43:59 Imperial Age
Connection lost

Rejoining the realm…

Still unreachable

The connection could not be restored.

Session expired

The server has moved on; the page needs a fresh start.